 Dungeon Crawl Stone Soup version 0.30-a0-782-ge64f9170bb (webtiles) character file.

Game seed: 12609924875852569447

69 BlueFish the Sneak (level 4, -1/32 HPs)
             Began as a Vampire Enchanter on Feb 18, 2023.
             Slain by a goblin
             ... wielding a +0 club
             ... led by Robin
              (2 damage)
             ... on level 2 of the Dungeon.
             The game lasted 00:05:34 (891 turns).

BlueFish the Sneak (Vampire Enchanter)               Turns: 891, Time: 00:05:34

Health: -1/32      AC:  2    Str:  7    XL:     4   Next: 2%
Magic:  7/7        EV: 13    Int: 17    God:
Gold:   78         SH:  0    Dex: 16    Spells: 2/7 levels left

rFire   . . .      SeeInvis +    a - +1 dagger
rCold   . . .      Faith    .    (no shield)
rNeg    . . .      Spirit   .    i - +0 robe
rPois   .          Reflect  .    (no helmet)
rElec   .          Harm     .    (no cloak)
rCorr   .          Rampage  .    (no gloves)
Will    .....                    (no boots)
Stlth   +++                      (no amulet)
HPRegen 0.45/turn                (no ring)
MPRegen 0.10/turn                (no ring)

@: brilliant, about to teleport, healing quickly
A: alive, fangs 3, see invisible, vampiric 2
a: Exsanguinate


You were on level 2 of the Dungeon.
You visited 1 branch of the dungeon, and saw 2 of its levels.

You collected 78 gold pieces.

Inventory:

Hand Weapons
 a - a +1 dagger (weapon)
 b - a +0 rapier
Missiles
 h - 4 poisoned darts (quivered)
Armour
 i - a +0 robe (worn)
Jewellery
 l - a +6 ring of strength
Scrolls
 g - a scroll of blinking {unknown}
 j - a scroll of identify {unknown}
 k - 2 scrolls of teleportation
Potions
 c - 2 potions of invisibility
 d - a potion of curing {unknown}
 e - a potion of might {unknown}
 f - a potion of brilliance
 m - a potion of cancellation {unknown}


   Skills:
 + Level 1.0 Fighting
 + Level 1.8 Short Blades
 + Level 0.2 Throwing
 + Level 0.9 Armour
 + Level 2.6 Dodging
 + Level 4.9 Stealth
 + Level 2.3 Spellcasting
 + Level 4.9 Hexes


You had 2 spell levels left.
You knew the following spells:

 Your Spells              Type           Power      Damage    Failure   Level
a - Ensorcelled Hibernat  Hex/Ice        30%        N/A       11%         2
b - Confusing Touch       Hex            27%        N/A       8%          3

Your spell library contained the following spells:

 Spells                   Type           Power      Damage    Failure   Level
 Tukima's Dance           Hex            27%        N/A       8%          3
 Dazzling Flash           Conj/Hex       30%        N/A       21%         3


Dungeon Overview and Level Annotations

Branches:
Dungeon (2/15)

Altars:

Shops:
D:1 (

Annotations:
D:2 Robin


Innate Abilities, Weirdness & Mutations

Your natural rate of healing is accelerated.
You have razor-sharp teeth.
You have supernaturally acute eyesight. (SInv)
You are afflicted with vampirism and can become a bat while bloodless.


Message History

2 goblins come into view.
The goblin shouts! x4
Robin throws the goblin at you! The goblin hits you but does no damage.
The goblin shouts!
You hit the goblin.
The goblin is almost dead.
The goblin closely misses you.
You barely miss the goblin.
The goblin is almost dead.
Robin throws the goblin at you! The goblin closely misses you.
The goblin barely misses you. The goblin closely misses you.
The hobgoblin hits you but does no damage.
The goblin barely misses you.
You hit the goblin but do no damage.
The goblin is almost dead.
The hobgoblin misses you. The goblin hits you with a +0 club.
The goblin closely misses you. The goblin hits you but does no damage.
The goblin hits you with a +0 club.
You hit the goblin but do no damage. You punch the goblin, but do no damage.
You bite the goblin.
You kill the goblin!
The hobgoblin misses you. The goblin hits you with a +0 club. x2
Robin roars a battlecry!
The goblins go into a battle-frenzy!
You closely miss the goblin. You barely miss the goblin.
The goblin closely misses you. The goblin hits you with a +0 dagger.
The goblin hits you with a +0 club.
As you read the scroll labelled QEPONTINKI, it crumbles to dust.
You feel strangely unstable.
It was a scroll of teleportation.
The hobgoblin barely misses you. The goblin completely misses you.
The hobgoblin misses you. The goblin hits you with a +0 dagger.
* * * LOW HITPOINT WARNING * * *
The goblin hits you with a +0 club.
* * * LOW HITPOINT WARNING * * *
It was a potion of brilliance.
You feel clever all of a sudden. The hobgoblin closely misses you.
The goblin hits you with a +0 club.
* * * LOW HITPOINT WARNING * * *
The goblin barely misses you. The goblin hits you with a +0 club.
You die...

#....##.... #....##....
###..........
#....#....#....
###....g........#
......ggg....... #
.###..gggg.# . # #
..>..gg@# ###.# ##
#..####.#g###.#.# ###. #..
#...........# ####...
#..##.#.#.###.######....##
#.......#.##.#.......)..))
#.........#.########....##
#####.####.## ##.. ####...
#.# ##.###.# ###. #.#
##.#..# ##


You could see Robin, 2 hobgoblins and 8 goblins.

Vanquished Creatures
  An orc wizard (D:2)
  2 worms (D:2)
  A dart slug (D:1)
  3 ball pythons (D:1)
  7 bats
  5 endoplasms
  3 hobgoblins (D:1)
  5 frilled lizards
  3 goblins
  6 kobolds
  2 rats
38 creatures vanquished.

Notes
Turn   | Place    | Note
-------+----------+-------------------------------------------
     0 | D:1      | BlueFish the Vampire Enchanter began the quest for the Orb.
     0 | D:1      | Reached XP level 1. HP: 13/13 MP: 3/3
    76 | D:1      | Found Eqolulaoso's Weapon Shop.
   102 | D:1      | Reached XP level 2. HP: 19/19 MP: 5/5
   105 | D:1      | Learned a level 2 spell: Ensorcelled Hibernation
   464 | D:2      | Gained mutation: You are afflicted with vampirism and can
                  | become a bat while bloodless. [Vampire growth]
   464 | D:2      | Reached XP level 3. HP: 25/25 MP: 6/6
   468 | D:2      | Learned a level 3 spell: Confusing Touch
   694 | D:2      | Reached skill level 1 in Fighting
   858 | D:2      | Reached XP level 4. HP: 32/32 MP: 7/7
   881 | D:2      | Noticed Robin
   891 | D:2      | HP: 1/32 [goblin/+0 club[Robin] (5)]
   891 | D:2      | Slain by a goblin

Illustrated notes

Levels and vault maps discovered:
D:1:      dpeg_arrival_leaves_temple_mockup, layout_basic, serial_shops, shop,
          minmay_misc_feat_x, minivault_26
D:2:      minmay_general_purpose_star, layout_loops_corners, skrybe_limestone_x,
          chequers_serial_rivers_micro_b, uniq_robin

Skill      XL: |  1  2  3 |
---------------+----------+-----
Fighting       | 1 |  1.0
Short Blades   | |  1.8
Throwing       | |  0.2
Armour         | |  0.9
Dodging        | |  2.6
Stealth        | |  4.9
Spellcasting   | |  2.3
Hexes          | |  4.9

Action                     |  1- 3 |  4- 6 || total
---------------------------+-------+-------++-------
  Melee: Dagger            |    91 |     6 ||    97
         Bite              |     8 |     1 ||     9
         Punch             |     1 |     1 ||     2
   Cast: Ensorcelled Hiber |     3 |       ||     3
    Use: Scroll            |       |     1 ||     1
         Potion            |       |     1 ||     1
   Stab: Sleeping          |    14 |       ||    14
         Distracted        |     1 |       ||     1
 Armour: Robe              |    24 |     4 ||    28
  Dodge: Dodged            |    48 |    14 ||    62

Table legend: (Time is in decaauts)
 A = Elapsed time spent in this place.
 B = Non-inter-level travel time spent in this place.
 C = Inter-level travel time spent in this place.
 D = Time resting spent in this place.
 E = Time spent auto-exploring this place.
 F = Levels seen in this place.
 G = Mean time per level.
                   A        B        C        D        E       F      G
               +--------+--------+--------+--------+--------+-----+--------+
         Total |    884 |    855 |     29 |      0 |    601 |   2 |  442.0 |
       Dungeon |    884 |    855 |     29 |      0 |    601 |   2 |  442.0 |
               +--------+--------+--------+--------+--------+-----+--------+

Top non-repeatable levels by time:
     D:1: 455 daAuts
     D:2: 429 daAuts
